 Dungeon Crawl Stone Soup version 0.16.1 (webtiles) character file.

2106 inmateoo the Grappler (level 9, 0/73 (74) HPs)
             Began as a Ghoul Conjurer on Mar 23, 2015.
             Was a Follower of Yredelemnul.
             Killed by divine providence
             ... invoked by an orc priest
              (13 damage)
             ... on level 7 of the Dungeon.
             The game lasted 00:13:09 (6001 turns).

inmateoo the Grappler (Ghoul Conjurer)              Turns: 6001, Time: 00:13:09

HP:   0/73 (74)     AC: 13    Str: 13    XL:     9   Next: 28%
MP:   12/12         EV:  4    Int: 10    God:    Yredelemnul [*.....]
Gold: 344           SH:  6    Dex: 11    Spells: 0 memorised, 11 levels left

rFire  . . .     SeeInvis +       - Unarmed
rCold  + + .     Clarity  .     b - +0 plate armour {rC+}
rNeg   + + +     SustAb   .     k - +2 buckler
rPois  ∞         Gourm    .     f - +2 hat
rElec  .         Spirit   .     (no cloak)
rCorr  .         Warding  .     (no gloves)
rMut   .         Stasis   +     (no boots)
MR     .....                    j - amulet of stasis
Stlth  ..........               m - ring of see invisible
                                x - ring of wizardry

@: rotting, not resistant to hostile enchantments, extremely unstealthy
A: rotting body, claws 1, carnivore 3, cold resistance 1, negative energy
resistance 3, poison resistance, slow healing 1, torment resistance, unbreathing
a: Animate Remains, Renounce Religion


You were on level 7 of the Dungeon.
You worshipped Yredelemnul.
Yredelemnul was aware of your devotion.
You were not hungry.

You visited 1 branch of the dungeon, and saw 7 of its levels.
You also visited: Sewer.

You collected 344 gold pieces.

Inventory:

Armour
 b - a +0 plate armour of cold resistance (worn)
 f - a +2 hat (worn)
 k - a +2 buckler (worn)
 n - a +0 shield
Jewellery
 j - an amulet of stasis (around neck)
 m - a ring of see invisible (right claw)
 x - a ring of wizardry (left claw)
Magical devices
 r - a wand of paralysis (11)
Scrolls
 h - 4 scrolls of magic mapping
 l - a scroll of noise
 o - 2 scrolls of remove curse
 v - a scroll of teleportation
 y - 3 scrolls of fear
Potions
 a - a potion of restore abilities {unknown}
 d - 2 potions of berserk rage {unknown}
 e - a potion of curing
 g - 2 potions of haste
 q - a potion of cancellation
 s - a potion of resistance
 t - 2 potions of ambrosia {unknown}
Books
 c - a book of Conjurations

   Spells                             Type                      Level
   a - Magic Dart                     Conjuration                  1
   b - Searing Ray                    Conjuration                  2
   c - Dazzling Spray                 Conjuration/Hexes            3
   d - Fulminant Prism                Conjuration/Hexes            4
   e - Iskenderun's Mystic Blast      Conjuration                  4
   f - Iskenderun's Battlesphere      Conjuration/Charms           5
Comestibles
 i - a royal jelly
 p - a meat ration
 u - a slice of pizza


   Skills:
 + Level 5.3 Fighting
 + Level 3.5 Armour
 - Level 1.7 Dodging
 - Level 2.1 Stealth
 + Level 4.1 Shields
 * Level 8.9 Unarmed Combat
 - Level 1.7 Spellcasting
   Level 3.2 Conjurations
 + Level 3.2 Invocations


You had 11 spell levels left.
You didn't know any spells.

Dungeon Overview and Level Annotations

Branches:
Dungeon (7/15)             Temple (0/1) D:7

Altars:
Dithmenos
Kikubaaqudgha
Ru
Xom
Yredelemnul
Zin
The Shining One

Annotations:
D:6 exclusion: 4 doors, Prince Ribbit


Innate Abilities, Weirdness & Mutations

Your body is rotting away.
You thrive on raw meat.
You have sharp fingernails.
You are carnivorous and can eat meat at any time.
Your flesh is cold resistant.
You are immune to negative energy.
Your system is resistant to poisons.
You heal slowly when monsters are visible.
You are immune to unholy pain and torment.
You can survive without breathing.


Message History

Drink which item? (? for menu, Esc to quit)
Okay, then.
You scratch the orc warrior!
You kill the orc warrior!
Yredelemnul accepts your kill.
The orc priest becomes somewhat translucent.
The orc hits you from afar with a trident.
* * * LOW HITPOINT WARNING * * *
Unknown command.
Your plate armour prevents you from hitting the orc priest.
The orc priest is heavily wounded.
The orc priest hits you but does no damage.
The orc hits you but does no damage.
Unknown command.
You scratch the orc priest.
The orc priest is heavily wounded.
The orc priest invokes the aid of Beogh against you.
Something smites you!
You die...
Yredelemnul claims you as an undead slave.

#.....# #........###.....
#.....+
..#####........##......
##....#
................##....#.
.....#
##.##.......#+####......
.^.##...##...........#......
#.....##.................
#.......#....#............
...._..oo)...+.>..........
#.......#@...#........###.
#.....###########....# .
##...# #....# ##o# #....#
o.. #....# # ######


You could see an orc priest (bleeding) and an orc.

Vanquished Creatures
  A water moccasin (D:6)
  Purgy (Sewer)
  A phantom (D:7)
  An orc warrior (D:7)
  3 ogres
  A necrophage (D:5)
  2 centaurs
  A giant frog (D:6)
  3 scorpions
  2 jellies
  A goliath beetle (D:7)
  5 hounds
  A crimson imp (D:6)
  2 quasits
  A giant frog skeleton (D:7)
  2 orc priests
  A centaur skeleton (D:4)
  An iguana (D:7)
  3 orc wizards
  A killer bee zombie (D:7)
  2 worker ants
  A worker ant zombie (D:7)
  8 gnolls
  A river rat (D:3)
  6 giant mites
  10 adders
  A shadow imp (D:7)
  2 worms (D:2)
  2 adder skeletons
  An adder zombie (D:7)
  7 giant geckos
  15 orcs
  14 bats
  3 giant cockroaches
  9 goblins
  7 hobgoblins
  5 jackals
  7 ball pythons
  3 giant newts
  A jackal zombie (D:5)
  14 kobolds
  4 quokkas
  2 quokka skeletons
  15 rats
174 creatures vanquished.

Notes
Turn   | Place    | Note
--------------------------------------------------------------
     0 | D:1      | inmateoo, the Ghoul Conjurer, began the quest for the Orb.
     0 | D:1      | Reached XP level 1. HP: 14/14 MP: 2/2
    66 | D:1      | Reached skill level 1 in Unarmed Combat
   136 | D:1      | Reached XP level 2. HP: 11/19 MP: 1/3
   428 | D:1      | Reached XP level 3. HP: 7/26 MP: 1/5
   828 | D:2      | Found a glowing silver altar of Zin.
  1033 | D:2      | Found a sacrificial altar of Ru.
  1043 | D:2      | Reached XP level 4. HP: 25/33 MP: 5/5
  1060 | D:2      | Reached skill level 4 in Unarmed Combat
  1589 | D:3      | Reached XP level 5. HP: 34/39 MP: 6/6
  1767 | D:3      | Reached skill level 1 in Fighting
  1951 | D:3      | Reached skill level 5 in Unarmed Combat
  1972 | D:3      | Found a glowing drain.
  1990 | Sewer    | Entered a sewer
  2017 | Sewer    | Noticed Purgy
  2037 | Sewer    | Killed Purgy
  2037 | Sewer    | Reached XP level 6. HP: 41/50 MP: 8/8
  2397 | D:4      | Reached skill level 6 in Unarmed Combat
  2564 | D:4      | Reached skill level 1 in Shields
  2565 | D:4      | Found an ancient bone altar of Kikubaaqudgha.
  2808 | D:4      | Reached skill level 1 in Armour
  2808 | D:4      | Reached XP level 7. HP: 44/57 MP: 8/8
  2934 | D:4      | Found a basalt altar of Yredelemnul.
  2973 | D:4      | Became a worshipper of Yredelemnul the Dark
  2988 | D:4      | Found a shimmering altar of Xom.
  3090 | D:4      | Reached skill level 7 in Unarmed Combat
  3222 | D:4      | Reached XP level 8. HP: 21/66 MP: 10/10
  3414 | D:5      | Entered Level 5 of the Dungeon
  3480 | D:5      | Found a shadowy altar of Dithmenos.
  3741 | D:5      | Acquired Yredelemnul's first power
  4193 | D:6      | Reached skill level 1 in Invocations
  4309 | D:6      | Found a glowing golden altar of the Shining One.
  4362 | D:6      | Noticed Prince Ribbit
  4709 | D:6      | Reached skill level 8 in Unarmed Combat
  4852 | D:6      | HP: 3/66 [ogre/giant club (18)]
  5375 | D:7      | Reached XP level 9. HP: 68/73 MP: 11/11
  5451 | D:7      | Reached skill level 5 in Fighting
  5626 | D:7      | Found a staircase to the Ecumenical Temple.
  5979 | D:7      | Found a sacrificial altar of Ru.
  6001 | D:7      | Killed from afar by an orc priest

Action                   |  1- 3 |  4- 6 |  7- 9 || total
-------------------------+-------+-------+-------++-------
Melee: Unarmed           |   134 |   251 |   427 ||   812
 Cast: Magic Dart        |    18 |       |       ||    18
Evoke: Wand              |       |       |     5 ||     5
  Use: Potion            |       |     5 |     2 ||     7
       Scroll            |       |     9 |     5 ||    14
 Stab: Sleeping          |     1 |       |       ||     1
       Paralysed         |       |     1 |     8 ||     9
  Eat: Chunk             |    11 |    18 |    39 ||    68
